Map: Gauntlet 7v7 Fast

Players

MattBarry - Winner!

  • Race: Zerg Zerg
  • Spawn Location: 7:00

Player 2 - Winner!

  • Race: Terran Terran
  • Spawn Location: 6:00

Player 3 - Winner!

  • Race: Terran Terran
  • Spawn Location: 6:00

Player 4 - Winner!

  • Race: Terran Terran
  • Spawn Location: 7:00

Player 5

  • Race: Protoss Protoss
  • Spawn Location: 5:00

VOD

Have the link to the VOD?

Description

Time

  • Played on: Jan. 3, 2023, 3:30 a.m.
  • Length: 2:00
Show
View Real Time Build Order
Export as new Build Order

MattBarry Zerg - Winner!

Build Orders: Pool First 

Get SALT Encoding   

  1  0:00  Drone x2, Overlord  
  12  0:04  Overlord  
  12  0:06  Drone x2  
  12  0:10  Spawning Pool, Drone  
  12  0:11  Drone  
  12  0:12  Drone  
  12  0:14  Drone  
  13  0:16  Drone x2  
  13  0:17  Drone  
  13  0:20  Drone x2  
  13  0:21  Drone  
  15  0:26  Drone x8  
  25  0:43  Queen  
  25  0:48  Zergling x6  
  30  0:52  Zergling x6  
  30  0:57  Hatchery x2  
  32  1:02  Hatchery  
  30  1:04  Unknown  
  30  1:05  Drone x3  
  30  1:06  Drone  
  30  1:08  Overlord  
  33  1:19  Queen  
  33  1:20  Drone  
  33  1:24  Queen  
  37  1:26  Zergling x4  
  37  1:27  Zergling x18  
  37  1:30  Zergling x6  
  37  1:31  Zergling x4  
Show
View Real Time Build Order
Export as new Build Order

Player 2 Terran - Winner!

Build Orders:  

Get SALT Encoding   

  12  0:00  SCV  
  12  0:06  Supply Depot, SCV  
  12  0:07  SCV  
  13  0:11  Barracks  
  13  0:16  Barracks  
  13  0:19  Barracks  
  13  0:20  Marine  
  16  0:24  Marine  
  16  0:25  Marine  
  18  0:28  Barracks  
  18  0:30  Marine  
  18  0:32  Supply Depot  
  19  0:37  SCV  
  19  0:38  Marine  
  19  0:42  Marine  
  21  0:43  Marine  
  21  0:46  Supply Depot  
  21  0:48  Marine  
  24  0:53  Supply Depot  
  24  0:56  Marine  
  25  0:59  Marine  
  25  1:01  Marine  
  27  1:05  Marine  
  28  1:13  Marine  
  28  1:17  Marine  
  30  1:19  Marine  
  30  1:23  Marine  
  32  1:27  SCV x2  
  32  1:28  SCV x3  
  32  1:29  SCV x2  
  32  1:31  Marine  
  33  1:35  Marine  
  33  1:36  Marine  
  37  1:41  Marine, Unknown  
  37  1:46  Supply Depot  
  43  1:50  Supply Depot  
  43  1:53  Supply Depot  
  43  1:56  Supply Depot  
Show
View Real Time Build Order
Export as new Build Order

Player 3 Terran - Winner!

Build Orders:  

Get SALT Encoding   

  12  0:00  SCV  
  12  0:05  Supply Depot  
  12  0:06  SCV  
  12  0:07  SCV  
  13  0:12  Barracks  
  13  0:16  Barracks  
  13  0:20  Barracks, Marine  
  16  0:24  Marine  
  16  0:25  Marine  
  16  0:28  Barracks  
  18  0:29  Marine  
  18  0:32  Supply Depot  
  18  0:35  SCV  
  19  0:38  Marine  
  19  0:42  Marine  
  21  0:43  Supply Depot, Marine  
  21  0:47  Marine  
  24  0:55  Supply Depot  
  24  0:56  Marine  
  25  0:59  Marine  
  25  1:01  Marine  
  27  1:05  Marine  
  28  1:13  Marine  
  28  1:17  Marine  
  30  1:19  Marine  
  30  1:23  Marine  
  32  1:27  SCV x2  
  32  1:28  SCV x3  
  32  1:30  SCV x2  
  32  1:31  Marine, SCV  
  32  1:32  SCV  
  33  1:35  Marine  
  33  1:36  Marine  
  37  1:40  Marine  
  37  1:41  Unknown  
  45  1:48  Supply Depot  
  45  1:52  Supply Depot  
  45  1:54  Supply Depot  
Show
View Real Time Build Order
Export as new Build Order

Player 4 Terran - Winner!

Build Orders:  

Get SALT Encoding   

  12  0:00  SCV  
  12  0:06  Supply Depot, SCV  
  13  0:07  SCV  
  13  0:13  Barracks  
  13  0:18  Barracks  
  13  0:20  Marine  
  16  0:22  Barracks  
  16  0:24  Marine  
  16  0:25  Marine  
  18  0:31  Barracks  
  18  0:33  Supply Depot, Marine  
  19  0:37  SCV  
  19  0:38  Marine  
  19  0:42  Marine  
  21  0:43  Marine  
  21  0:47  Supply Depot  
  23  0:50  Marine  
  23  0:53  Supply Depot  
  23  0:56  Marine  
  25  0:59  Marine  
  25  1:01  Marine  
  27  1:08  Marine  
  28  1:14  Marine  
  28  1:17  Marine  
  30  1:19  Marine  
  31  1:26  Marine, SCV x2  
  31  1:27  SCV  
  31  1:28  SCV x2  
  31  1:29  SCV  
  31  1:31  Marine  
  33  1:35  Marine  
  33  1:37  Marine  
  38  1:41  Unknown  
  38  1:45  Supply Depot  
  42  1:47  Supply Depot  
  42  1:50  Supply Depot  
  42  1:54  Supply Depot  
Show
View Real Time Build Order
Export as new Build Order

Player 5 Protoss 

Build Orders:  

Get SALT Encoding   

  12  0:00  Probe x2  
  13  0:09  Pylon  
  13  0:12  Gateway  
  14  0:15  Unknown  
  14  0:22  Pylon  
  14  0:25  Cybernetics Core  
  14  0:30  Stalker  
  16  1:16  Probe  
  16  1:25  Probe  
  16  1:26  Stalker  
  16  1:32  Probe  
Tags
 
Add a new tag
Caveats
  • Supply blocks, unpowered buildings, or Contaminate may cause inaccurate times.
  • Supply counts are checked every 10 seconds.